 Dungeon Crawl Stone Soup version 0.31-a0-8-gd14b0f4ee2 (webtiles) character file.

Game seed: 14981295322359591231

141 Morbidden the Digger (level 5, -3/46 HPs)
             Began as a Troll Earth Elementalist on May 7, 2023.
             Slain by Menkaure (7 damage)
             ... on level 4 of the Dungeon.
             The game lasted 00:02:37 (1513 turns).

Morbidden the Digger (Troll Earth Elementalist)     Turns: 1513, Time: 00:02:37

Health: -3/46      AC:  4    Str: 16    XL:     5   Next: 3%
Magic:  6/6        EV: 10    Int: 13    God:
Gold:   53         SH:  0    Dex: 10    Spells: 3/7 levels left

rFire   . .          .
                       - Unarmed
rCold   . . .        (no shield)
rNeg    . . .        a - +0 robe
rPois   .            (helmet restricted)
rElec   .            (no cloak)
rCorr   .            (gloves unavailable)
SInv    +            (boots unavailable)
Will    .....        (no amulet)
Stlth   +            k - ring of see invisible
HPRegen 1.07/turn    (no ring)
MPRegen 0.10/turn

%: no passive effects
@: no status effects
A: large, unfitting armour, claws 3, regeneration 1, shaggy fur 1, tough skin 1
a: no special abilities


You were on level 4 of the Dungeon.
You visited 1 branch of the dungeon, and saw 4 of its levels.

You collected 53 gold pieces.

Inventory:

Missiles
 g - 10 stones
Armour
 a - a +0 robe (worn)
Jewellery
 k - a ring of see invisible (left claw)
Scrolls
 c - 5 scrolls of identify
 d - 2 scrolls of amnesia {unknown}
 e - a scroll of torment
 i - a scroll of vulnerability {unknown}
 l - a scroll of blinking {unknown}
 m - 2 scrolls of fog {unknown}
Potions
 b - a potion of magic
 f - a potion of mutation {unknown}
 j - a potion of curing {unknown}
 n - a potion of brilliance {unknown}
 o - a potion of attraction {unknown}


   Skills:
 * Level 0.5 Fighting
 * Level 0.6 Armour
 * Level 1.8 Dodging
 + Level 1.2 Stealth
 * Level 2.1 Unarmed Combat
 * Level 1.7 Spellcasting
 * Level 0.8 Conjurations
 * Level 1.2 Transmutations
 * Level 3.2 Earth Magic


You had 3 spell levels left.
You knew the following spells:

 Your Spells              Type           Power      Damage    Failure   Level
a - Sandblast             Erth           18%        2d7       7%          1
b - Stone Arrow           Conj/Erth      12%        3d7       34%         3

Your spell library contained the following spells:

 Spells                   Type           Power      Damage    Failure   Level
 Passwall                 Tmut/Erth      5%         N/A       16%         2
 Wereblood                Tmut           4%         N/A       24%         2
 Sublimation of Blood     Necr           1%         N/A       36%         2
 Petrify                  Tmut/Erth      6%         N/A       71%         4
 Summon Hydra             Summ           0%         N/A       100%        7


Dungeon Overview and Level Annotations

Branches:
Dungeon (4/15)
 Temple: D:4-7

Altars:
Ashenzari
Fedhas

Annotations:
D:3 Terence
D:4 Blork the orc, Menkaure


Innate Abilities, Weirdness & Mutations

You are too large for most types of armour.
You have claws for hands.
Your natural rate of healing is unusually fast.
You are covered in fur. (AC +1)
You have tough skin. (AC +1)


Message History

Blork the orc comes into view.
He is wielding a +0 trident.
Menkaure hits you but does no damage.
You barely miss Menkaure.
Menkaure is moderately damaged.
Blork the orc shouts!
Blork the orc casts a cantrip, but nothing happens.
The ball python barely misses you. Menkaure hits you!!
You scratch Menkaure.
Menkaure is heavily damaged.
The ball python bites you but does no damage.
You completely miss Menkaure.
Menkaure is heavily damaged.
The ball python bites you but does no damage.
Menkaure rustles, "From dust you came, to dust you will return."
Menkaure calls on the powers of darkness!
Your body is wracked with pain!
* * * LOW HITPOINT WARNING * * *
The worm convulses!
Blork the orc convulses!
Blork the orc gestures at you while chanting.
The magic dart hits you.
* * * LOW HITPOINT WARNING * * *
You completely miss Menkaure.
Menkaure is heavily damaged.
The ball python bites you.
* * * LOW HITPOINT WARNING * * *
Menkaure casts a spell at you. Pain shoots through your body!
* * * LOW HITPOINT WARNING * * *
The worm barely misses you.
Unknown command.
Unknown command.
Unknown command.
Unknown command.
Unknown command.
Unknown command.
Unknown command.
You scratch Menkaure.
Menkaure is severely damaged.
The ball python barely misses you. Menkaure hits you!
You die...

*,**~*,,,~~*,*,,,,* *,,,,,,**,,,*
***~*,,***~,,*,,,.#*#...,,,,*,,,*
,,*,~,,^^,,,**,,,.#*....,,,,*,,,*
***,,***,**,,****.#...##,,,,,,,,,
**~,**,**,** *o#.....,,,,,,,,,
**~*~*~,*## *.......,,,,,,,,,
######,~*~*#.####.......,,,,,,,,,
..)..######..#...M......,,,,,,,,,
###..........#..@....#,,,,,,,,,,,
+..........###†wS....#,,,,,,,,,,,
##.......w...#.......#***,,,,,,,,
##..#####.##.........# *,,,,,***
##..# #.###........# *,,,,,*
##..# #.# #.##..#### *,,,,,*
##..# #.#*#.##..# *,,,,,* w..,*
#.^,...>..# *,,,,,*
##,*****#######*#.# *,,,,,*


You could see Blork the orc, Menkaure, a worm and a ball python.

Vanquished Creatures
  2 orc wizards (D:4)
  2 adders
  A dart slug (D:1)
  2 orcs
  7 bats
  7 endoplasms
  3 giant cockroaches
  8 goblins
  5 hobgoblins
  2 jackals (D:3)
  3 kobolds
  5 quokkas
  5 ball pythons
  4 frilled lizards
  8 rats
64 creatures vanquished.

Notes
Turn   | Place    | Note
-------+----------+-------------------------------------------
     0 | D:1      | Morbidden the Troll Earth Elementalist began the quest for
                  | the Orb.
     0 | D:1      | Reached XP level 1. HP: 16/16 MP: 1/1
   171 | D:1      | Reached skill level 3 in Earth Magic
   171 | D:1      | Reached XP level 2. HP: 20/24 MP: 2/2
   429 | D:1      | Reached skill level 1 in Transmutations
   520 | D:1      | Found a faded altar of an unknown god.
   547 | D:1      | Reached XP level 3. HP: 31/31 MP: 4/4
   643 | D:1      | Learned a level 3 spell: Stone Arrow
   864 | D:2      | Reached skill level 1 in Unarmed Combat
  1219 | D:3      | Reached XP level 4. HP: 40/40 MP: 2/5
  1281 | D:3      | Found a broken altar of Ashenzari.
  1344 | D:3      | Found a blossoming altar of Fedhas.
  1398 | D:3      | Noticed Terence
  1449 | D:4      | Reached XP level 5. HP: 46/46 MP: 6/6
  1500 | D:4      | Noticed Menkaure
  1508 | D:4      | Noticed Blork the orc
  1513 | D:4      | Slain by Menkaure

Illustrated notes

Levels and vault maps discovered:
D:1:      zelgadis_glass_arrival_small, layout_basic, basic_ecumenical_altar,
          serial_park_tiny_2
D:2:      layout_rooms, hangedman_decor_points, minmay_tiny_reverse_x
D:3:      layout_basic, mainiacjoe_overflow_24_doors, elyvilon_altar_3,
          evilmike_ruin_ashenzari, serial_shops, nicolae_shop_tiny_waterfront,
          minmay_misc_feat_roman, uniq_terence
D:4:      layout_basic, tgw_xom, yredelemnul_altar_generic,
          nicolae_ossuary_entry_giza, minmay_box_of_dots,
          uniq_crazy_yiuf_cottage, uniq_menkaure, uniq_blork_the_orc

Skill      XL: |  1  2  3  4 |
---------------+-------------+-----
Earth Magic    | 3 |  3.2
Transmutations | 1 |  1.2
Unarmed Combat | 1 2 |  2.1
Fighting       | |  0.5
Armour         | |  0.6
Dodging        | |  1.8
Stealth        | |  1.2
Spellcasting   | |  1.7
Conjurations   | |  0.8

Action                     |  1- 3 |  4- 6 || total
---------------------------+-------+-------++-------
  Melee: Unarmed           |   119 |    39 ||   158
         Punch             |       |     1 ||     1
   Cast: Sandblast         |    19 |     2 ||    21
    Use: Scroll            |       |     3 ||     3
   Stab: Sleeping          |     2 |     1 ||     3
 Armour: Robe              |    46 |    12 ||    58
  Dodge: Dodged            |    70 |    27 ||    97

Table legend: (Time is in decaauts)
 A = Elapsed time spent in this place.
 B = Non-inter-level travel time spent in this place.
 C = Inter-level travel time spent in this place.
 D = Time resting spent in this place.
 E = Time spent auto-exploring this place.
 F = Levels seen in this place.
 G = Mean time per level.
                   A        B        C        D        E       F      G
               +--------+--------+--------+--------+--------+-----+--------+
         Total |   1520 |   1477 |     43 |     24 |    998 |   4 |  380.0 |
       Dungeon |   1520 |   1477 |     43 |     24 |    998 |   4 |  380.0 |
               +--------+--------+--------+--------+--------+-----+--------+

Top non-repeatable levels by time:
     D:1: 671 daAuts
     D:2: 524 daAuts
     D:3: 219 daAuts
     D:4: 105 daAuts
